 Dungeon Crawl Stone Soup version 0.23.2-40-g277498a (webtiles) character file.

Game seed: 17806641193977702810

302 Fang the Skirmisher (level 6, -2/58 HPs)
             Began as a Gargoyle Berserker on Sept 9, 2019.
             Was a Believer of Trog.
             Slain by an ogre
             ... wielding a +0 giant spiked club
              (4 damage)
             ... on level 4 of the Dungeon.
             The game lasted 00:03:36 (2498 turns).

Fang the Skirmisher (Gargoyle Berserker)            Turns: 2498, Time: 00:03:37

Health: -2/58      AC: 13    Str: 27    XL:     6   Next: 37%
Magic:  0/6        EV:  9    Int:  8    God:    Trog [**....]
Gold:   203        SH:  0    Dex:  9    Spells: 5/5 levels left

rFire    . . .     SeeInvis +   a - +0 hand axe
rCold    . . .     Gourm    .   (no shield)
rNeg     + . .     Faith    .   b - +0 chain mail
rPois    ∞         Spirit   +   (no helmet)
rElec    +         Reflect  .   (no cloak)
rCorr    .         Harm     .   (no gloves)
MR       .....                  (no boots)
Stlth    ..........             s - amulet of guardian spirit
HPRegen  0.19/turn              r - ring of attention (curse)
MPRegen  0.10/turn              m - ring of see invisible

@: berserking, starving, very quick
A: negative energy resistance 1, electricity resistance, unbreathing,
petrification resistance, rot immunity, AC +4
a: Berserk, Trog's Hand, Renounce Religion


You were on level 4 of the Dungeon.
You worshipped Trog.
Trog was pleased with you.
You were starving.

You visited 1 branch of the dungeon, and saw 4 of its levels.

You collected 203 gold pieces.

Inventory:

Hand Weapons
 a - a +0 hand axe (weapon)
Armour
 b - a +0 chain mail (worn)
Jewellery
 j - a +4 ring of strength
 m - a ring of see invisible (right hand)
 o - an uncursed ring of protection from fire
 r - a cursed ring of attention (left hand)
 s - an amulet of guardian spirit (around neck)
 u - an uncursed ring of fire {unknown}
Scrolls
 d - a scroll of immolation {unknown}
 f - 2 scrolls of teleportation {unknown}
 g - 4 scrolls of amnesia {unknown}
 i - 4 scrolls of remove curse {unknown}
 l - 3 scrolls of enchant armour {unknown}
 n - a scroll of blinking {unknown}
 q - a scroll of fog {unknown}
Potions
 e - 6 potions of haste {unknown}
 k - 3 potions of curing {unknown}
 p - 2 potions of flight {unknown}
 t - a potion of ambrosia {unknown}
Comestibles
 c - 7 rations


   Skills:
 + Level 4.7 Fighting
 + Level 3.9 Axes
 + Level 4.0 Armour
 + Level 2.9 Dodging


You had 5 spell levels left.
You didn't know any spells.
Your spell library was empty.

Dungeon Overview and Level Annotations

Branches:
Dungeon (4/15)
 Temple: D:4-7

Altars:
Gozag
Okawaru


Innate Abilities, Weirdness & Mutations

You are resistant to torment.
Your stone body is resilient. (AC +4)
You are immune to poison.
You resist negative energy. (rN+)
You are resistant to electric shocks. (rElec)
You can survive without breathing.
You are immune to petrification.
You are immune to rotting.


Message History

You are too injured to fight recklessly!
You are too injured to fight recklessly!
You are too injured to fight recklessly!
A red film seems to cover your vision as you go berserk!
You feel yourself moving faster!
You feel mighty!
You are starving!
The ogre hits you with a +0 giant spiked club!!
* * * LOW HITPOINT WARNING * * *
You hit the ogre but do no damage.
The ogre is lightly wounded.
You slash the ogre!
The ogre is heavily wounded.
The ogre hits you with a +0 giant spiked club.
* * * LOW HITPOINT WARNING * * *
You slash the ogre!
The ogre is almost dead.
You completely miss the ogre.
The ogre is almost dead.
The ogre hits you with a +0 giant spiked club.
You die...

.......# #.# .......#
#.# .......# #.#
.......# #.#
....#..########.#
......>.........######
......#########......#
.......######
##.###..#
............# #@#
............# ♣O♣
............# .o.
.......####.# ..#[.
.....)## +..# #..
.....## #♣. .♣# ....##
♣♣ ♣♣ ...# .


You could see an ogre and an orc.

Vanquished Creatures
  A centaur (D:4)
  An ogre (D:3)
  6 adders
  An ooze (D:2)
  3 worms
  3 dart slugs
  3 leopard geckos
  2 orcs (D:3)
  6 bats
  5 giant cockroaches
  12 goblins
  3 hobgoblins
  A ball python (D:1)
  3 frilled lizards
  6 kobolds
  A leopard gecko skeleton (D:4)
  9 rats
66 creatures vanquished.

Notes
Turn   | Place    | Note
-------+----------+-------------------------------------------
     0 | D:1      | Fang the Gargoyle Berserker began the quest for the Orb.
     0 | D:1      | Reached XP level 1. HP: 14/14 MP: 1/1
   333 | D:1      | Reached XP level 2. HP: 19/19 MP: 2/2
   999 | D:2      | Reached XP level 3. HP: 23/23 MP: 3/3
  1066 | D:2      | Found an iron altar of Okawaru.
  1078 | D:2      | Reached ** piety under Trog
  1453 | D:2      | Reached XP level 4. HP: 28/29 MP: 4/4
  1787 | D:3      | Reached XP level 5. HP: 33/33 MP: 5/5
  1848 | D:3      | Found an opulent altar of Gozag.
  1926 | D:3      | Noticed an ogre
  1944 | D:3      | Killed an ogre
  2393 | D:4      | Noticed a centaur
  2407 | D:4      | Killed a centaur
  2407 | D:4      | Reached XP level 6. HP: 26/39 MP: 4/6
  2496 | D:4      | HP: 1/58 [ogre/+0 giant spiked club (4)]
  2498 | D:4      | Slain by an ogre

Skill      XL: |  1  2  3  4  5 |
---------------+----------------+-----
Axes           | 3 |  3.9
Dodging        | 2 |  2.9
Armour         | 3 4 |  4.0
Fighting       | 4 |  4.7

Action                   |  1- 3 |  4- 6 || total
-------------------------+-------+-------++-------
Melee: Hand axe          |    93 |   135 ||   228
Invok: Berserk           |       |     2 ||     2
  Eat: Chunk             |     2 |     3 ||     5
Armor: Chain mail        |    46 |    79 ||   125
       Animal skin       |     1 |       ||     1
Dodge: Dodged            |    45 |    49 ||    94
